Map: Acid Plant LE

Players

NightEnD

  • Race: Protoss Protoss
  • Spawn Location: 11:00

Arctur - Winner!

  • Race: Terran Terran
  • Spawn Location: 5:00

Event: WCS Leipzig 2018

VOD

Have the link to the VOD?

Description

Time

  • Played on: Jan. 26, 2018, 10:22 a.m.
  • Length: 9:44

All games in this series

Show
View Real Time Build Order
Export as new Build Order

NightEnD Protoss 

Build Orders: 1 Gate Expand, Blink Stalkers, Chargelot Immortal 

Get SALT Encoding   

  12  0:00  Probe  
  13  0:13  Probe  
  14  0:20  Pylon  
  14  0:25  Probe  
  15  0:38  Probe (Chrono Boost)  
  15  0:40  Gateway  
  16  0:44  Assimilator  
  17  0:50  Probe (Chrono Boost)  
  17  0:55  Probe (Chrono Boost)  
  18  1:05  Probe  
  19  1:17  Probe  
  20  1:27  Nexus  
  20  1:36  Cybernetics Core  
  20  1:39  Probe  
  21  1:46  Assimilator  
  21  1:51  Probe  
  22  1:57  Pylon  
  22  2:03  Probe  
  23  2:12  Stalker (Chrono Boost)  
  23  2:15  Warp Gate  
  25  2:16  Probe (Chrono Boost)  
  26  2:26  Probe (Chrono Boost)  
  27  2:31  Probe (Chrono Boost)  
  27  2:35  Twilight Council  
  28  2:40  Probe (Chrono Boost)  
  30  2:48  Probe (Chrono Boost)  
  30  2:50  Probe (Chrono Boost)  
  31  2:53  Stalker  
  31  2:55  Probe x2 (Chrono Boost)  
  35  3:03  Blink (Chrono Boost)  
  35  3:06  Probe  
  35  3:07  Probe  
  37  3:17  Gateway  
  37  3:21  Gateway  
  37  3:27  Shield Battery  
  37  3:32  Stalker  
  39  3:34  Probe x2  
  39  3:39  Pylon  
  41  3:46  Probe x2  
  43  3:51  Pylon  
  43  3:57  Robotics Facility  
  43  3:58  Probe  
  43  4:00  Probe  
  45  4:06  Assimilator  
  45  4:08  Pylon  
  45  4:10  Probe  
  45  4:12  Probe  
  47  4:21  Stalker  
  47  4:22  Stalker  
  47  4:23  Probe  
  52  4:25  Probe  
  53  4:32  Stalker  
  55  4:52  Probe  
  52  5:00  Probe (Chrono Boost)  
  48  5:10  Probe (Chrono Boost)  
  48  5:12  Probe (Chrono Boost)  
  49  5:17  Observer  
  49  5:19  Probe (Chrono Boost)  
  49  5:21  Probe (Chrono Boost)  
  52  5:24  Nexus  
  52  5:26  Probe (Chrono Boost)  
  54  5:29  Probe (Chrono Boost)  
  54  5:31  Probe (Chrono Boost)  
  55  5:38  Observer  
  55  5:39  Probe  
  57  5:43  Probe  
  57  5:48  Charge  
  57  5:49  Forge x2  
  58  5:51  Probe  
  58  5:55  Probe  
  60  6:03  Probe  
  61  6:07  Probe  
  62  6:15  Probe  
  63  6:19  Probe, Gateway  
  63  6:20  Gateway  
  63  6:21  Pylon  
  63  6:22  Gateway  
  63  6:23  Protoss Ground Weapons Level 1 (Chrono Boost), Protoss Ground Armor Level 1 (Chrono Boost)  
  64  6:26  Sentry x3  
  70  6:35  Pylon x2  
  70  6:37  Probe  
  71  6:51  Immortal (Chrono Boost)  
  75  6:56  Zealot x3  
  83  7:01  Probe x2  
  83  7:03  Observer  
  83  7:05  Pylon  
  83  7:10  Observer  
  83  7:17  Zealot  
  83  7:18  Zealot x5  
  95  7:23  Photon Cannon  
  95  7:25  Immortal (Chrono Boost)  
  97  7:38  Zealot x4  
  97  7:39  Zealot  
  97  7:41  Zealot  
  109  7:51  Pylon x2  
  109  7:52  Pylon  
  109  8:00  Zealot x4  
  117  8:08  Immortal (Chrono Boost)  
  117  8:22  Zealot x6  
  93  8:44  Zealot  
  93  8:45  Zealot x5  
  61  8:57  Immortal (Chrono Boost)  
  61  9:06  Stalker x5  
  61  9:08  Stalker  
  77  9:34  Stalker x4  
Show
View Real Time Build Order
Export as new Build Order

Arctur Terran - Winner!

Build Orders: Gas First Reaper Expand, Reaper Expand, Bio Tank 

Get SALT Encoding   

  12  0:00  SCV  
  13  0:12  SCV  
  14  0:17  Supply Depot  
  14  0:25  SCV  
  14  0:27  Refinery  
  15  0:38  SCV  
  16  0:45  Barracks  
  16  0:50  SCV  
  17  1:02  SCV  
  18  1:15  SCV  
  19  1:32  Orbital Command, Reaper  
  20  1:46  Command Center  
  20  1:57  SCV  
  21  2:01  Factory  
  21  2:05  Barracks Reactor  
  21  2:11  Supply Depot  
  21  2:13  SCV  
  22  2:19  Refinery  
  22  2:25  SCV  
  23  2:38  SCV  
  24  2:46  Starport  
  24  2:50  SCV  
  24  2:51  Hellion x2  
  29  2:57  Barracks Tech Lab  
  29  3:01  Orbital Command  
  29  3:04  SCV  
  30  3:12  Widow Mine  
  32  3:13  Widow Mine  
  32  3:16  SCV  
  35  3:23  Medivac  
  37  3:27  SCV  
  37  3:29  SCV  
  37  3:33  Widow Mine  
  41  3:35  Widow Mine  
  41  3:39  SCV  
  41  3:41  SCV  
  45  3:44  Supply Depot  
  45  3:45  Stimpack  
  45  3:56  Barracks  
  45  3:57  Barracks  
  45  4:01  SCV  
  46  4:05  Starport Reactor  
  46  4:06  SCV  
  46  4:07  Factory Tech Lab, Marine  
  48  4:12  Supply Depot  
  48  4:13  SCV  
  49  4:18  SCV  
  49  4:20  Engineering Bay  
  49  4:26  SCV  
  46  4:38  SCV  
  46  4:39  SCV, Siege Tank  
  51  4:50  SCV  
  51  4:51  SCV  
  51  4:52  Marine x3  
  50  4:56  Barracks  
  50  4:57  Refinery  
  50  4:58  Barracks  
  50  4:59  Starport Reactor  
  50  5:02  SCV  
  50  5:03  SCV  
  50  5:05  Marine  
  49  5:09  Terran Infantry Weapons Level 1  
  49  5:11  Siege Tank  
  49  5:13  Marine  
  49  5:14  Marine x2  
  54  5:15  SCV, Marine  
  54  5:20  Refinery  
  57  5:24  Supply Depot  
  57  5:26  Supply Depot  
  57  5:28  Marine  
  58  5:31  SCV, Marine x2  
  58  5:32  SCV  
  62  5:45  Marine, Siege Tank  
  62  5:46  Supply Depot  
  66  5:50  Combat Shields  
  66  5:51  Barracks Tech Lab, Marine, Barracks Reactor  
  66  5:52  Marine  
  67  6:03  Supply Depot x2  
  65  6:06  Medivac  
  65  6:07  Marine x3  
  65  6:08  Medivac  
  72  6:12  Marine x2  
  72  6:13  Marine  
  75  6:25  Marine  
  75  6:31  Marine x7  
  82  6:36  Medivac  
  82  6:38  Medivac  
  82  6:39  Siege Tank  
  89  6:42  Marine  
  89  6:46  Missile Turret  
  89  6:47  Supply Depot x2  
  90  6:48  Marine  
  90  6:51  Marauder  
  92  7:01  Marine x2  
  92  7:08  Marauder, Marine x2, Terran Infantry Armor Level 1  
  98  7:12  Marauder, Siege Tank, Marine  
  98  7:15  Liberator  
  104  7:31  Liberator, Marine x3  
  109  7:40  Supply Depot x2  
  109  7:48  Siege Tank  
  115  7:53  Marine x2  
  115  7:54  Marine  
  118  8:01  Marine  
  119  8:08  Liberator  
  119  8:12  Bunker  
  119  8:13  Bunker  
  117  8:20  Siege Tank  
  117  8:21  Marine  
  117  8:22  Marine x7  
  105  8:42  Marine x5  
  102  8:52  Siege Tank  
  101  8:57  Marine x3  
  101  9:00  Marine  
  101  9:02  Marine x2  
  104  9:06  Marine x2  
  112  9:14  Marine  
  112  9:15  Marine  
  114  9:19  Marine x2  
Tags
 
Add a new tag
Caveats
  • Supply blocks, unpowered buildings, or Contaminate may cause inaccurate times.
  • Supply counts are checked every 10 seconds.